[Event "Late-Titled-Tuesday-Blitz-February-06-2024"]
[Site "Chess.com"]
[Date "2024.02.06"]
[Round "7"]
[White "Cronos97"]
[Black "Jahonas"]
[Result "1/2-1/2"]
[WhiteElo "2207"]
[BlackElo "2369"]
[TimeControl "180+1"]
[EndTime "15:17:53 PST"]
[Termination "Game drawn by repetition"]

1. Nf3 d5 2. c4 Nf6 3. cxd5 Nxd5 4. g3 c6 5. Bg2 g6 6. O-O Bg7 7. Nc3 Nxc3 8. bxc3 O-O 9. Rb1 b6 10. d4 Ba6 11. Qc2 Nd7 12. Rd1 Rc8 13. a4 e6 14.
e4 Qe7 15. e5 Rfd8 16. Bg5 f6 17. exf6 Bxf6 18. Bf4 c5 19. d5 exd5 20. Rxd5 Bc4 21. Re1 Qf7 22. Rd2 Nf8 23. Rxd8 Rxd8 24. h4 Ne6 25.
Be3 Qg7 26. Rc1 Qd7 27. a5 Qd3 28. axb6 Qxc2 29. Rxc2 Rd1+ 30. Kh2 axb6 31. Bh3 Kf7 32. Nd2 Bd5 33. Bg2 Bxg2 34. Kxg2 Nc7 35. Kf3 Nd5 36. Ke2 Nxe3 37. Kxe3 Ra1 38. Ne4 Be7 39. c4 Ra3+ 40.
Kf4 Ke6 41. Nc3 h6 42. Nd5 Bd6+ 43. Ke4 b5 44. Ne3 b4 45. Rd2 Be5 46. Rd5 Bd4 47. h5 gxh5 48. Rxh5 Bxe3 49. fxe3 b3 50. Rxc5 Ra4 51.
Rb5 Rxc4+ 52. Kd3 Rg4 53. Rxb3 Rxg3 54. Rb6+ Ke5 55. Rxh6 Rg1 56. Rh5+ Ke6 57. Kd4 Rd1+ 58. Ke4 Ra1 59. Rh6+ Ke7 60. Kf4 Ra4+ 61. e4 Ra5 62.
Rb6 Rc5 63. e5 Rc1 64. Kf5 Rf1+ 65. Ke4 Re1+ 66. Kd4 Rd1+ 67. Ke4 Re1+ 68. Kf5 Rf1+ 69. Ke4 Re1+ 1/2-1/2

[Event "Late-Titled-Tuesday-Blitz-February-06-2024"]
[Site "Chess.com"]
[Date "2024.02.06"]
[Round "7"]
[White "Vasily85"]
[Black "kai_nov"]
[Result "0-1"]
[WhiteElo "2483"]
[BlackElo "2312"]
[TimeControl "180+1"]
[EndTime "15:17:54 PST"]
[Termination "kai_nov won by resignation"]

1. e4 c5 2. Nf3 Nc6 3. Bb5 e6 4.
Bxc6 bxc6 5. e5 Ne7 6. O-O Ng6 7. Nc3 Be7 8. Re1 O-O 9. d3 f6 10. exf6 Bxf6 11. Ne4 Be7 12. Bg5 Rb8 13. b3 e5 14. h4 d5 15. Nxc5 Bg4 16. Re3 h6 17. Bxe7 Qxe7 18. d4 e4 19. Qe1 Bxf3 20. gxf3 Nxh4 21.
fxe4 Qg5+ 22. Rg3 Nf3+ 23. Kf1 Nxe1 24. Rxg5 Nxc2 25. Rxg7+ Kxg7 26. Rc1 Nxd4 27. exd5 cxd5 28. Rd1 Nf5 29. Ne6+ Kg6 30. Nxf8+ Rxf8 31. Ke2 d4 32. Rc1 Rf6 33. Rc7 a6 34. Rc8 Re6+ 35. Kd3 h5 36.
Rg8+ Kf6 37. Rf8+ Ke5 38. Rh8 h4 39. Rh5 Kf4 40. Rh8 Rh6 0-1

[Event "Late-Titled-Tuesday-Blitz-February-06-2024"]
[Site "Chess.com"]
[Date "2024.02.06"]
[Round "7"]
[White "IsaqueGoncalvesSanto"]
[Black "norwaytoadog"]
[Result "0-1"]
[WhiteElo "1922"]
[BlackElo "2226"]
[TimeControl "180+1"]
[EndTime "15:17:54 PST"]
[Termination "norwaytoadog won on time"]

1. d4 Nf6 2. c4 e6 3. Nc3 Bb4 4. e3 O-O 5. Bd3 d5 6. Ne2 dxc4 7. Bxc4 c5 8. a3 Bxc3+ 9. bxc3 Qc7 10. Bd3 Nc6 11. O-O e5 12. d5 Nxd5 13. Bxh7+ Kxh7 14. Qxd5 Be6 15. Qxc5 Rad8 16. Ng3 f5 17. c4 Rf7 18. e4 f4 19. Ne2 a6 20. f3 Rd3 21.
a4 Qd8 22. Ba3 Rd2 23. Bb4 Rxe2 24. Rfd1 Qg5 25. g3 fxg3 26. Kf1 Rf2+ 27. Ke1 R2xf3 28.
Qg1 Re3+ 29. Kd2 Rd7+ 30. Kc2 Re2+ 31. Kc3 Qe3+ 32. Qxe3 Rxe3+ 33. Kc2 Rxd1 34. Rxd1 Re2+ 35. Kd3 Nd4 36. hxg3 Kg6 37. Rf1 Rg2 38. Be1 Rb2 39. Bf2 Rb3+ 40. Kd2 Bxc4 41. Bxd4 Bxf1 42. Bxe5 Bg2 43.
Kc2 Re3 44. Bf4 Rxe4 45. Kd3 Rxa4 0-1

[Event "Late-Titled-Tuesday-Blitz-February-06-2024"]
[Site "Chess.com"]
[Date "2024.02.06"]
[Round "7"]
[White "Grindaveci"]
[Black "Quaide7"]
[Result "1-0"]
[WhiteElo "2452"]
[BlackElo "2207"]
[TimeControl "180+1"]
[EndTime "15:17:55 PST"]
[Termination "Grindaveci won on time"]

1. e4 e6 2. d4 c5 3. c3 cxd4 4.
cxd4 d5 5. e5 f6 6. Nf3 Nc6 7. Nc3 fxe5 8. Nxe5 Nxe5 9. dxe5 Bc5 10. Bd3 Ne7 11. Qh5+ g6 12. Qh6 Qb6 13. O-O Bd7 14.
Bg5 O-O-O 15. a3 Kb8 16. b4 Bd4 17. Bxe7 Bxc3 18. Bxd8 Qxd8 19. Rac1 Bxe5 20. Qe3 Bd6 21. Be2 Rf8 22. g3 e5 23. Rfd1 Be6 24. Bf3 e4 25.
Be2 Qf6 26. Bc4 Qe5 27. f4 exf3 28. Qxe5 Bxe5 29. Bxd5 f2+ 30. Kg2 Bg4 31. Rf1 Bd4 32. Rc4 Be2 33. Rxd4 Bxf1+ 34. Kxf1 Kc7 35. Rf4 Rd8 36.
Bc4 Rd1+ 37. Kxf2 Rd2+ 38. Be2 Ra2 39. Rf7+ Kb6 40. Rf3 Rb2 41. Re3 a5 42. Re6+ Kc7 43. b5 Rb3 44. a4 Kd7 45. Rf6 Rb4 46. Rf7+ Kc8 47. Bf3 Rxa4 48. Bxb7+ 1-0

[Event "Late-Titled-Tuesday-Blitz-February-06-2024"]
[Site "Chess.com"]
[Date "2024.02.06"]
[Round "7"]
[White "Franmu14"]
[Black "campochess"]
[Result "1-0"]
[WhiteElo "2755"]
[BlackElo "2116"]
[TimeControl "180+1"]
[EndTime "15:17:56 PST"]
[Termination "Franmu14 won on time"]

1. e4 c5 2. Nc3 Nc6 3. Bb5 e5 4. Nf3 Bd6 5. Bxc6 dxc6 6. d3 Ne7 7. h3 O-O 8. g4 Ng6 9. Ne2 b5 10. Ng3 Nf4 11. Bxf4 exf4 12. Nf5 g6 13. Nxd6 Qxd6 14. Qd2 Re8 15. O-O-O Be6 16. Kb1 Rad8 17. e5 Qd5 18.
Qxf4 Qxa2+ 19. Kc1 c4 20. d4 Qa1+ 21. Kd2 Qxb2 22.
Rb1 c3+ 23. Ke3 Qxc2 24. Rhc1 Qa4 25. Rxc3 Bc4 26. Ng5 Qa2 27. Rxc4 Qxc4 28. Rd1 c5 29. Ne4 Qc2 30. Qh6 cxd4+ 31. Kf4 Re6 32. Rd2 Qc1 33. f3 b4 34. Kg3 b3 35. Ng5 Qg1+ 36. Kf4 Qe3+ 37. Kg3 Qxe5+ 38. Kg2 Rf6 39. Qxh7+ Kf8 40. Ne4 Rf4 41. Qh6+ Ke7 42. Qh4+ Kd7 43. Qe1 Kc7 44. Qc1+ Kb8 45. Rb2 Rxe4 46. Rxb3+ 1-0

[Event "Late-Titled-Tuesday-Blitz-February-06-2024"]
[Site "Chess.com"]
[Date "2024.02.06"]
[Round "7"]
[White "Horokoskii"]
[Black "smotherhubbard"]
[Result "1-0"]
[WhiteElo "2174"]
[BlackElo "2355"]
[TimeControl "180+1"]
[EndTime "15:17:57 PST"]
[Termination "Horokoskii won by resignation"]

1. d4 Nf6 2. c4 e6 3. Nc3 Bb4 4.
e3 b6 5. Ne2 Ne4 6. Qc2 Bb7 7. a3 Bxc3+ 8. Nxc3 Nxc3 9. Qxc3 O-O 10. f3 d6 11. Bd3 Nd7 12. O-O c5 13. b4 Qc7 14. Bb2 cxd4 15. exd4 e5 16. dxe5 dxe5 17. Rad1 Rad8 18. Rfe1 f6 19. Bf5 Rfe8 20. Rd3 Nf8 21. Red1 g6 22. Bh3 Rxd3 23. Qxd3 e4 24. fxe4 Bxe4 25.
Qd6 Qxd6 26. Rxd6 f5 27. g4 f4 28. g5 Bb7 29. Bf6 Bc8 30. Bg2 Ne6 31. Bd5 Kf7 32. Rc6 Bb7 33. Rc7+ Kf8 34. Rxb7 f3 35. Kf2 h6 36.
Rxa7 hxg5 37. Bxe6 Rxe6 38. Bxg5 Re2+ 39. Kxf3 Rxh2 40. c5 bxc5 41. bxc5 Rc2 42. a4 Rc4 43. a5 Rxc5 44. Be7+ Kg8 45. Bxc5 1-0

[Event "Late-Titled-Tuesday-Blitz-February-06-2024"]
[Site "Chess.com"]
[Date "2024.02.06"]
[Round "7"]
[White "Rutricks"]
[Black "sergiochess83"]
[Result "0-1"]
[WhiteElo "2733"]
[BlackElo "2918"]
[TimeControl "180+1"]
[EndTime "15:17:59 PST"]
[Termination "sergiochess83 won by checkmate"]

1. Nc3 d5 2. d4 Nf6 3. Bf4 Bf5 4. f3 e6 5. Qd2 h6 6. g4 Bh7 7.
Nh3 a6 8. e3 c5 9. Bd3 Bxd3 10.
Qxd3 Nc6 11. O-O-O Qa5 12. a3 c4 13. Qe2 Bxa3 14. Qe1 Bb4 15. Kd2 O-O-O 16. g5 Nh5 17. Qh4 hxg5 18. Qxg5 Be7 19. Qg4 Qb4 20. Ra1 g6 21.
Bg5 Bxg5 22. Nxg5 Qe7 23. Na4 Kb8 24. Nc5 e5 25. Rhe1 Ng7 26. Qg2 Nf5 27. c3 exd4 28. exd4 Qc7 29. Rxa6 Rxh2 30. Rxc6 Rxg2+ 31. Kc1 Qxc6 32. Nxf7 Qf6 33. Ne5 Ka7 34. Kb1 Qg5 35. Ka2 Ne3 36. Ra1 Rd6 37. Kb1+ Ra6 38. Nxa6 bxa6 39. Nd7 Qf5+ 40.
Ka2 Rxb2+ 41. Kxb2 Qc2+ 42. Ka3 Qxc3+ 43. Ka2 Qb3# 0-1

[Event "Late-Titled-Tuesday-Blitz-February-06-2024"]
[Site "Chess.com"]
[Date "2024.02.06"]
[Round "7"]
[White "WilsonPalencia21"]
[Black "carloseduar100"]
[Result "1/2-1/2"]
[WhiteElo "2590"]
[BlackElo "2341"]
[TimeControl "180+1"]
[EndTime "15:17:59 PST"]
[Termination "Game drawn by repetition"]

1. d4 d5 2. c4 e5 3. dxe5 d4 4. Nf3 Nc6 5. g3 Nge7 6. Bg2 Ng6 7. O-O Ngxe5 8. Nxe5 Nxe5 9. Qa4+ c6 10. Rd1 Be6 11.
Be3 dxe3 12. Rxd8+ Rxd8 13. Nc3 exf2+ 14. Kh1 Nxc4 15. Qxa7 Nd6 16. Qxf2 Be7 17. e4 O-O 18. e5 Nc4 19. Re1 Rd2 20. Qa7 Rxb2 21. Ne4 h6 22. Nc5 Bxc5 23. Qxc5 Rxa2 24. Bf3 Rd8 25. Re2 Rxe2 26.
Bxe2 Bd5+ 27. Kg1 Nxe5 28. Qe7 Ra8 29. Qxe5 Ra2 30. Qb8+ Kh7 31. Bd3+ g6 32. Qxb7 Rg2+ 33. Kf1 Rxh2 34. Be4 Rh5 35. Bxd5 Rf5+ 36. Bf3 Rxf3+ 37.
Kg2 Rf6 38. Qe7 Kg7 39. Qe5 g5 40. g4 Kg6 41. Qe4+ Kg7 42. Qe5 Kg6 43. Kg3 Kg7 44. Qc3 Kg6 45. Qc2+ Kg7 46. Qc3 Kg6 47. Qd3+ Kg7 48.
Qc3 1/2-1/2

[Event "Late-Titled-Tuesday-Blitz-February-06-2024"]
[Site "Chess.com"]
[Date "2024.02.06"]
[Round "7"]
[White "snowlord"]
[Black "jefferyx"]
[Result "0-1"]
[WhiteElo "2869"]
[BlackElo "2998"]
[TimeControl "180+1"]
[EndTime "15:18:01 PST"]
[Termination "jefferyx won on time"]

1. d4 d5 2. c4 e6 3. Nf3 dxc4 4.
e3 Nf6 5. Bxc4 c5 6. O-O a6 7. Re1 Be7 8. e4 b5 9. Bf1 Bb7 10. e5 Nd5 11. dxc5 Nd7 12. a4 b4 13. c6 Bxc6 14. Nd4 Bb7 15. Qg4 g6 16. Bh6 Qc7 17. Nd2 Nxe5 18. Qg3 Nd7 19. Qh3 Qb6 20. Bg7 Rg8 21.
Nc4 Qc5 22. Nxe6 fxe6 23. Qxe6 Rxg7 24. Nd6+ Kf8 25. Nxb7 Qc7 26. Qxd5 Nf6 27. Qf3 Ra7 28. Nc5 Qxc5 29. Rac1 Qf5 30. Qxf5 gxf5 31. Rc8+ Kf7 32. Bc4+ Kg6 33. Rc6 a5 34. h3 h5 35. Re5 Bd8 36. Bd3 Rgc7 37. Rxf5 Rxc6 38. Rxa5+ Kh6 39. Rxa7 Rd6 40.
Bf5 Bb6 41. Rb7 Rd1+ 42. Kh2 Bxf2 43. g4 Rd2 44. Kg2 Rxb2 45. Kf3 Bc5 46. Rb5 Rb3+ 47. Ke2 Rc3 48. gxh5 Nxh5 0-1

[Event "Late-Titled-Tuesday-Blitz-February-06-2024"]
[Site "Chess.com"]
[Date "2024.02.06"]
[Round "7"]
[White "VladimirKramnik"]
[Black "Philippians46"]
[Result "1-0"]
[WhiteElo "2925"]
[BlackElo "2692"]
[TimeControl "180+1"]
[EndTime "15:18:01 PST"]
[Termination "VladimirKramnik won by checkmate"]

1. e4 c5 2. Nf3 d6 3. d4 cxd4 4. Nxd4 Nf6 5. Nc3 a6 6. a4 e5 7. Nf3 Be7 8. Bg5 Be6 9. Bxf6 Bxf6 10. Nd5 Nd7 11. Bc4 O-O 12. O-O Nb6 13. Nxf6+ Qxf6 14.
Bxe6 Qxe6 15. a5 Nd7 16. Qd2 Nf6 17. Rfe1 Rfd8 18. Qb4 d5 19. exd5 Nxd5 20. Qb3 f6 21.
g3 Qc6 22. Rad1 Kf8 23. Rd3 Ne7 24. Nxe5 Qe8 25. Nc4 Qc6 26. Nb6 Rxd3 27. Qxd3 Re8 28. Qxh7 Ng8 29. Rxe8+ Qxe8 30. Qd3 Qe1+ 31. Kg2 Qxa5 32.
Qd8+ Kf7 33. Qd7+ Kg6 34. Nd5 Nh6 35. Qxb7 Qe1 36. Ne3 Qa5 37. b4 Qe5 38. Qd5 Qe7 39. c3 Qc7 40. c4 Kh7 41. b5 axb5 42. cxb5 Nf7 43. Qe4+ Kg8 44. Nd5 Qd6 45. Qe8+ Kh7 46. Qxf7 Qe5 47. Nxf6+ Kh6 48. Ng4+ Kg5 49. Nxe5 Kh6 50.
Qg6# 1-0

[Event "Late-Titled-Tuesday-Blitz-February-06-2024"]
[Site "Chess.com"]
[Date "2024.02.06"]
[Round "7"]
[White "CarrotsandPizza"]
[Black "vanyakuba"]
[Result "0-1"]
[WhiteElo "2505"]
[BlackElo "2364"]
[TimeControl "180+1"]
[EndTime "15:18:01 PST"]
[Termination "vanyakuba won on time"]

1. e4 d5 2. exd5 Qxd5 3. c4 Qe4+ 4. Be2 Qxg2 5. Bf3 Qg6 6. Ne2 e5 7. Nbc3 c6 8. d4 Nd7 9. d5 Ngf6 10. Rg1 Qf5 11.
Ng3 Qh3 12. dxc6 bxc6 13. Bxc6 Rb8 14. Qe2 Bb4 15. Bd2 O-O 16. O-O-O Nc5 17. Nd5 Nxd5 18. Bxd5 Bf5 19. Be3 Na4 20. Bg2 Qg4 21. Qxg4 Bxg4 22. Rd5 Be6 23. Nh5 Bxd5 24. Bxd5 g6 25. Bh6 Bc5 26.
Nf6+ Kh8 27. b3 Nc3 28. Rg2 Ne2+ 29. Kc2 Nf4 30. Rg4 Nxd5 31. Nxd5 f5 32. Rh4 e4 33. Bf4 Rbe8 34. Nc7 Re7 35. Nd5 Ree8 36. Bh6 Rf7 37. Be3 Bxe3 38. fxe3 g5 39. Rh6 f4 40. exf4 gxf4 0-1

[Event "Late-Titled-Tuesday-Blitz-February-06-2024"]
[Site "Chess.com"]
[Date "2024.02.06"]
[Round "7"]
[White "Njal28"]
[Black "Goryachkina"]
[Result "1-0"]
[WhiteElo "3004"]
[BlackElo "2684"]
[TimeControl "180+1"]
[EndTime "15:18:02 PST"]
[Termination "Njal28 won on time"]

1. d4 Nf6 2. c4 e6 3. Nc3 Bb4 4. e3 O-O 5. a3 Bxc3+ 6. bxc3 c5 7. Ne2 b6 8. Ng3 Bb7 9. Bd3 Nc6 10. O-O Rc8 11.
Bb2 Na5 12. Qe2 Ba6 13. Rac1 d5 14. cxd5 Bxd3 15. Qxd3 exd5 16. Rce1 Re8 17. f3 Qd7 18. e4 cxd4 19. cxd4 Qa4 20. e5 Nd7 21. Re2 Qb3 22. Qf5 Nf8 23. Qg4 Rc6 24. f4 Nc4 25. Bc1 Rg6 26. Qf3 Qxf3 27. Rxf3 Rc6 28. Rc3 Rec8 29. Bd2 Nxe5 30. dxe5 Rxc3 31. Bxc3 Rxc3 32.
Rd2 g6 33. Rxd5 Rxa3 34. Ne4 Ra4 35. Nf6+ Kg7 36. g3 Ne6 37. Rd7 a5 38. Ne8+ Kg8 39.
Nd6 Rd4 40. Rb7 a4 41. Rxb6 a3 42. Ra6 Rd1+ 43. Kg2 Rd2+ 44. Kh3 a2 45. Ra8+ Kg7 46. Ra7 Kg8 47. Nxf7 Kf8 48. Nd6 h5 49. Ne4 Nd4 50. Nxd2 1-0

[Event "Late-Titled-Tuesday-Blitz-February-06-2024"]
[Site "Chess.com"]
[Date "2024.02.06"]
[Round "7"]
[White "giovannibrandao7"]
[Black "ybothg"]
[Result "0-1"]
[WhiteElo "2236"]
[BlackElo "2523"]
[TimeControl "180+1"]
[EndTime "15:18:03 PST"]
[Termination "ybothg won by resignation"]

1. e4 c5 2. Nf3 e6 3. d4 cxd4 4. Nxd4 Nf6 5. e5 Qa5+ 6. Nc3 Qxe5+ 7. Be2 Nc6 8. Nxc6 bxc6 9. O-O d5 10. Re1 Bd6 11. g3 Qf5 12. Bd3 Qh3 13. Bf1 Qg4 14. Be2 Qb4 15. Rb1 O-O 16. a3 Qa5 17. Bg5 Nd7 18.
b4 Qxa3 19. Rb3 Qxb4 20. Rxb4 Bxb4 21. Bd2 a5 22. Na4 Bd6 23. c4 d4 24. Bf3 Ne5 25. Bg2 Nxc4 26. Bxc6 Rb8 27. Qc2 Nxd2 28. Qxd2 Bb4 29. Qf4 Bb7 30. Rc1 Bxc6 31. Rxc6 d3 32. Rc1 d2 33. Rd1 Rfd8 34. Kf1 f6 35. Ke2 Kf7 36.
Nb2 Rbc8 37. Nd3 e5 38. Qe4 Rb8 39. Nxb4 Rxb4 40. Qc6 Rbd4 41. Qb6 a4 42. Qa7+ R8d7 43. f4 Rxa7 0-1

[Event "Late-Titled-Tuesday-Blitz-February-06-2024"]
[Site "Chess.com"]
[Date "2024.02.06"]
[Round "7"]
[White "Mikhail_Golubev"]
[Black "YouShallNotPass001"]
[Result "1-0"]
[WhiteElo "2663"]
[BlackElo "2468"]
[TimeControl "180+1"]
[EndTime "15:18:04 PST"]
[Termination "Mikhail_Golubev won by resignation"]

1. e4 Nf6 2. e5 Ne4 3. d3 Nc5 4. d4 Ne6 5. Nf3 d5 6. exd6 exd6 7. Bd3 Be7 8. O-O O-O 9. Re1 Ng5 10. Nc3 Nc6 11.
Nxg5 Bxg5 12. Bxg5 Qxg5 13. Ne4 Qg4 14. c3 Qxd1 15.
Raxd1 Bd7 16. f4 Rfe8 17. Kf2 Kf8 18. Ng5 h6 19. Nf3 Bg4 20. h3 Bxf3 21. Kxf3 Rxe1 22. Rxe1 Re8 23. Rxe8+ Kxe8 24. Bb5 Ke7 25. Bxc6 bxc6 26. Ke4 Ke6 27. f5+ Kf6 28. Kf4 g5+ 29. fxg6 fxg6 30.
h4 Ke6 31. c4 Kf6 32. g4 Ke6 33. g5 h5 34. b4 Kd7 35. Ke4 Ke6 36. d5+ Kd7 37.
dxc6+ Kxc6 38. a4 Kd7 39. b5 Ke6 40. a5 Ke7 41. Kd5 Kd7 42. c5 dxc5 43. Kxc5 Kd8 44.
Kc6 Kc8 45. a6 Kd8 46. Kb7 Kd7 47. Kxa7 Kc8 48. b6 cxb6 49. Kxb6 Kb8 50. Kc6 Ka7 51. Kd6 Kxa6 52. Ke6 Kb7 53. Kf6 Kc6 54. Kxg6 Kd7 55. Kf7 1-0

[Event "Late-Titled-Tuesday-Blitz-February-06-2024"]
[Site "Chess.com"]
[Date "2024.02.06"]
[Round "7"]
[White "HansOnTwitch"]
[Black "KantorGergely"]
[Result "1/2-1/2"]
[WhiteElo "3141"]
[BlackElo "2777"]
[TimeControl "180+1"]
[EndTime "15:18:06 PST"]
[Termination "Game drawn by repetition"]

1. e4 e5 2. Nf3 Nc6 3. Bc4 Nf6 4. d3 Bc5 5. O-O O-O 6. Re1 d6 7. c3 a5 8. h3 h6 9. Nbd2 Be6 10. b3 Ba7 11. a4 d5 12. Bb5 dxe4 13. dxe4 Nd7 14.
Ba3 Re8 15. Nc4 Qf6 16. Ne3 Qg6 17. Nd5 Bxh3 18. Bf1 Rac8 19. Nh4 Qg5 20. Qf3 Qxh4 21. gxh3 Re6 22. Ra2 Rg6+ 23. Kh1 Nf6 24. Bc4 Kh8 25.
Nxf6 Rxf6 26. Qg4 Qxg4 27. hxg4 Bxf2 28. Rf1 Bh4 29. Rxf6 gxf6 30. Bxf7 Rd8 31. Bd5 Kg7 32. Kg2 Bg5 33. Bc5 b6 34. Ba3 Nb8 35. b4 c6 36. Bc4 Rd2+ 37. Rxd2 Bxd2 38. bxa5 bxa5 39.
Be6 Bxc3 40. Bc8 Bb4 41. Bc1 c5 42. Kf3 Nc6 43. Ke3 Nd4 44. Kd3 Nf3 45. Be3 Kg6 46. Bf5+ Kg7 47. Kc4 Nd4 48. Bd7 Kg6 49. Be8+ Kg7 50.
Bd7 Ba3 51. Bd2 Bb4 52. Be3 1/2-1/2

[Event "Late-Titled-Tuesday-Blitz-February-06-2024"]
[Site "Chess.com"]
[Date "2024.02.06"]
[Round "7"]
[White "rdarruda"]
[Black "nikitadovbnya2008"]
[Result "1-0"]
[WhiteElo "2548"]
[BlackElo "2354"]
[TimeControl "180+1"]
[EndTime "15:18:08 PST"]
[Termination "rdarruda won on time"]

1. d4 Nf6 2. Nf3 d5 3. g3 Bg4 4. Bg2 Nbd7 5. O-O c6 6. Bf4 e6 7. Nbd2 Be7 8. h3 Bf5 9. g4 Bg6 10. Nh4 O-O 11. Nxg6 hxg6 12. e4 dxe4 13. Nxe4 Nxe4 14.
Bxe4 Nf6 15. Bg2 Bd6 16. Bg5 Be7 17. c3 Nd5 18. Bd2 c5 19. dxc5 Bxc5 20. Qb3 Qb6 21. Rad1 Rab8 22. Bc1 Nf6 23. Rd3 Rfd8 24. Qxb6 Bxb6 25.
Rxd8+ Bxd8 26. Bf4 Rc8 27. Bxb7 Rc5 28. Rd1 Bb6 29. Bf3 Rb5 30. b3 e5 31. Bd2 e4 32.
Be2 Re5 33. Bf4 Ra5 34. a4 Rd5 35. c4 Rxd1+ 36. Bxd1 Nd7 37. b4 Bd4 38. c5 Kf8 39. c6 Nb6 40. a5 Nc8 41. b5 Ke8 42. Bb3 Bc3 43. Bc7 Bd4 44. Bd5 e3 45. fxe3 Bxe3+ 46. Kg2 Bd2 47. b6 axb6 48. axb6 1-0

[Event "Late-Titled-Tuesday-Blitz-February-06-2024"]
[Site "Chess.com"]
[Date "2024.02.06"]
[Round "7"]
[White "EsmeraldasAnderson03"]
[Black "LUISMIGUELOV"]
[Result "1-0"]
[WhiteElo "2391"]
[BlackElo "2210"]
[TimeControl "180+1"]
[EndTime "15:18:08 PST"]
[Termination "EsmeraldasAnderson03 won on time"]

1. d4 Nf6 2. c4 e5 3. dxe5 Ng4 4. Nf3 Bc5 5. e3 Nc6 6. a3 a5 7. Nc3 O-O 8. Be2 Re8 9. O-O Ra6 10. b3 Ncxe5 11. Bb2 Rh6 12. h3 Nxf3+ 13. Bxf3 Ne5 14.
Ne4 b6 15. Nxc5 bxc5 16. Be2 d6 17. f4 Ng6 18. Qd3 Qe7 19. Bc1 Bb7 20. Bf3 Bxf3 21. Rxf3 Nh4 22. Rf2 Rg6 23. Raa2 Re6 24. f5 Re4 25. g3 Qg5 26. Kh2 Nxf5 27. Rf3 Nxe3 28. Kh1 f5 29. Re2 Qh5 30. Rexe3 Qxh3+ 31. Kg1 Qh6 32. Bd2 Qe6 33. Rxe4 fxe4 34. Qf1 exf3 35. Qxf3 Qf7 36.
Qd3 a4 37. bxa4 h6 38. a5 Rf8 39. Qe2 Ra8 40. Kg2 Qd7 41. Qf3 Re8 42. Bc3 c6 43.
Qf4 Qe7 44. Kh3 Qe6+ 45. Kh2 Qe2+ 46. Kh3 Qh5+ 47. Qh4 1-0

[Event "Late-Titled-Tuesday-Blitz-February-06-2024"]
[Site "Chess.com"]
[Date "2024.02.06"]
[Round "7"]
[White "mishanick"]
[Black "CaspiIsrael"]
[Result "1-0"]
[WhiteElo "3045"]
[BlackElo "2688"]
[TimeControl "180+1"]
[EndTime "15:18:09 PST"]
[Termination "mishanick won by resignation"]

1. d4 Nf6 2. c4 e6 3. Nf3 d5 4.
Nc3 a6 5. cxd5 exd5 6. Bg5 Be6 7.
Qb3 Ra7 8. e3 Nbd7 9. Qc2 Be7 10.
Bd3 O-O 11. O-O h6 12. Bf4 b5 13. h3 c5 14. dxc5 Nxc5 15. Nd4 Qd7 16. a4 b4 17.
Nce2 Rc8 18. Qd1 Nfe4 19. a5 Bf6 20. Rc1 Bd8 21. Nxe6 fxe6 22. Ra1 Bf6 23. Rb1 Bd8 24. Bxe4 Nxe4 25. Be5 Bxa5 26. Nf4 Bc7 27. Bxc7 Raxc7 28. Ra1 Rc6 29. Nd3 Qb7 30. Qg4 Rb6 31. Nf4 Nf6 32. Qe2 e5 33. Nd3 Qb8 34. Rfc1 Rbc6 35. Rxc6 Rxc6 36.
Qd2 Rb6 37. Qc2 b3 38. Qc5 Rb5 39. Qc6 Rb6 40. Qc5 Rb5 41. Qc3 e4 42. Nf4 Kh7 43.
Rxa6 Rb6 44. Ra1 Qb7 45. Rc1 Rb4 46. Qe5 Rc4 47. Ra1 Qc8 48. Kh2 Rc2 49. Ra7 Qf8 50.
Qf5+ Kg8 51. Qe6+ Kh7 52. Rf7 Rc6 53. Qf5+ Kg8 54. Rxf8+ Kxf8 55. Nxd5 Rc2 56. Nxf6 gxf6 57. Qxf6+ 1-0

[Event "Late-Titled-Tuesday-Blitz-February-06-2024"]
[Site "Chess.com"]
[Date "2024.02.06"]
[Round "7"]
[White "Levanzovsky"]
[Black "LikeWater"]
[Result "0-1"]
[WhiteElo "2550"]
[BlackElo "2786"]
[TimeControl "180+1"]
[EndTime "15:18:09 PST"]
[Termination "LikeWater won on time"]

1. e4 c5 2. Nf3 e6 3. d4 cxd4 4. Nxd4 d6 5. c4 b6 6. Nc3 Bb7 7. Bd3 Nf6 8. O-O Be7 9. f4 Nbd7 10. f5 e5 11. Nc2 Nc5 12. Qe2 a6 13. b4 Ncd7 14.
g4 h6 15. Ne3 Rc8 16. Bd2 b5 17.
cxb5 axb5 18. Rac1 O-O 19. h4 Rxc3 20. Bxc3 Nxe4 21.
Bxe4 Bxe4 22. Be1 d5 23. Qxb5 Bxh4 24. Nxd5 Nb8 25. Bxh4 Qxh4 26. Rc3 Qxg4+ 27. Kf2 Qg2+ 28. Ke1 Bxd5 29. Qc5 Qxa2 30. f6 Nd7 31. Qd6 Qa1+ 32. Kd2 Qxf1 33. fxg7 Qf2+ 34. Kc1 Kxg7 35. Qxd5 Nf6 36.
Qxe5 Qf1+ 37. Kb2 Kh7 38. Rc6 Re8 0-1

[Event "Late-Titled-Tuesday-Blitz-February-06-2024"]
[Site "Chess.com"]
[Date "2024.02.06"]
[Round "7"]
[White "DinaBelenkaya"]
[Black "jaskol95"]
[Result "0-1"]
[WhiteElo "2427"]
[BlackElo "2589"]
[TimeControl "180+1"]
[EndTime "15:18:09 PST"]
[Termination "jaskol95 won on time"]

1. g3 d5 2. Bg2 Nf6 3. d3 c6 4. Nf3 Bg4 5. Nbd2 e6 6. h3 Bh5 7. c3 Nbd7 8. Qc2 Be7 9. b3 Bg6 10.
Bb2 a5 11. a4 Qc7 12. Nh4 e5 13. Nxg6 hxg6 14. e4 dxe4 15. dxe4 Nc5 16. Nc4 Rd8 17.
O-O Nd3 18. Rad1 Nxb2 19. Qxb2 O-O 20. Kh1 Bc5 21. f4 exf4 22. Rxd8 Rxd8 23. g4 Qe7 24. e5 Nxg4 25. Qe2 Ne3 26. Rxf4 Nxg2 27. Kxg2 b5 28. Nxa5 bxa4 29. Rxa4 Qg5+ 30. Rg4 Qc1 31.
Nc4 Qxc3 32. Rg3 Qd4 33. Kh2 Qd1 34. Qxd1 Rxd1 35. Rf3 Kf8 36. Kg2 Ke7 37. Kg3 Ke6 38. Kf4 Rd4+ 39. Kg3 Ba7 40. Rf4 Rd3+ 41. Rf3 Rd4 42. Na5 Rd5 43. Nxc6 Bc5 44. b4 Bb6 45. Rc3 Bc7 0-1

[Event "Late-Titled-Tuesday-Blitz-February-06-2024"]
[Site "Chess.com"]
[Date "2024.02.06"]
[Round "7"]
[White "tptagain"]
[Black "FaustinoOro"]
[Result "1-0"]
[WhiteElo "2954"]
[BlackElo "2771"]
[TimeControl "180+1"]
[EndTime "15:18:11 PST"]
[Termination "tptagain won on time"]

1. Nf3 d5 2. c4 e6 3. e3 Nf6 4.
Nc3 Be7 5. b3 O-O 6. Bb2 b6 7.
cxd5 exd5 8. g3 Bb7 9. Bg2 Re8 10. O-O Nbd7 11. Rc1 a6 12. Re1 h6 13. Ne2 Rc8 14. Nfd4 c5 15. Nf5 Bf8 16. d4 Ne4 17. dxc5 bxc5 18. Nc3 Nxc3 19. Bxc3 Nf6 20. Bb2 g6 21. Nh4 Bg7 22. Nf3 Qb6 23. Nd2 h5 24.
Nb1 Bc6 25. h3 a5 26. g4 hxg4 27. hxg4 Ne4 28. Bxg7 Kxg7 29. Nc3 Nxc3 30. Rxc3 Qb4 31. Qa1 Kg8 32. Rec1 Bb7 33. Bf3 Re6 34. a3 Qb6 35. b4 axb4 36. axb4 c4 37. Ra3 Qxb4 38. Rb1 Qe7 39.
Ra7 Rc7 40. Kg2 Bc8 41. Rxc7 Qxc7 42. Qd4 Rd6 43. Rh1 f6 44. Qf4 Qe7 45. Qh6 Qg7 46.
Qh2 Rd8 47. Qb8 1-0

[Event "Late-Titled-Tuesday-Blitz-February-06-2024"]
[Site "Chess.com"]
[Date "2024.02.06"]
[Round "7"]
[White "CFalcons8"]
[Black "falzehope0"]
[Result "0-1"]
[WhiteElo "2360"]
[BlackElo "2349"]
[TimeControl "180+1"]
[EndTime "15:18:11 PST"]
[Termination "falzehope0 won on time"]

1. Nf3 d5 2. d4 e6 3. c4 c6 4. g3 Bd6 5. Bg2 f5 6. b3 Nf6 7. Bb2 O-O 8. Nbd2 Nbd7 9. O-O f4 10.
Ne5 fxg3 11. hxg3 Bxe5 12. dxe5 Ng4 13. e4 Qg5 14. Bh3 Ndxe5 15. f4 Qh5 16. Bxg4 Nxg4 17. Qe2 Qh3 18. Rf3 b6 19. cxd5 exd5 20. exd5 cxd5 21. Qg2 Qh5 22. Bd4 Ba6 23. Rc3 Rae8 24. Rc7 Rf7 25. Rxf7 Kxf7 26. Nf3 Re2 27. Ng5+ Ke8 28.
Qh3 Qxh3 29. Nxh3 Nh2 30. Bf2 Nf3+ 31. Kg2 Nd2 32. Ng1 Re6 33. Rd1 Ne4 34. Rxd5 Bb7 35. Re5 Rxe5 36. fxe5 Ng5+ 37. Kf1 Nf7 38. Bd4 g6 39.
Ne2 Ke7 40. Nf4 Nd8 41. Ke2 Ne6 42. Nxe6 Kxe6 43. Ke3 Kf5 0-1

[Event "Late-Titled-Tuesday-Blitz-February-06-2024"]
[Site "Chess.com"]
[Date "2024.02.06"]
[Round "7"]
[White "Alex_Sahakyan2006"]
[Black "hakanazeri2"]
[Result "1-0"]
[WhiteElo "2883"]
[BlackElo "2634"]
[TimeControl "180+1"]
[EndTime "15:18:12 PST"]
[Termination "Alex_Sahakyan2006 won on time"]

1. e4 c5 2. Nc3 e6 3. Nf3 Nc6 4. Bb5 Nge7 5. O-O a6 6. Bxc6 Nxc6 7. d4 cxd4 8. Nxd4 Qc7 9. Re1 Bd6 10. Nxc6 dxc6 11. Qh5 O-O 12. e5 Be7 13. Ne4 g6 14. Qf3 Qxe5 15. Bh6 Re8 16. Rad1 Qf5 17. Qxf5 gxf5 18.
Nd6 Rd8 19. Nxf5 Bf6 20. Rxd8+ Bxd8 21. Rd1 Bf6 22. Ng7 e5 23. h3 Bg4 24. hxg4 Bxg7 25. Be3 e4 26. c3 b5 27. Rd7 a5 28.
Rc7 b4 29. Rxc6 bxc3 30. bxc3 Rb8 31. c4 Be5 32. g3 Rb1+ 33. Kg2 Rb2 34. Bh6 f6 35. Be3 Rxa2 36. c5 Rc2 37. Ra6 Bc3 38. c6 Be5 39. g5 Kf7 40. gxf6 Kxf6 41. c7+ Kf5 42. Rxa5 Rxc7 43. Rxe5+ Kxe5 44. Bf4+ 1-0